 Dungeon Sprint DCSS version 0.29-a0-925-g0a7a3d12f8 (webtiles) character file.

Game seed: 12506515812307473459

257 Hipnos the Carver (level 6, -2/56 HPs)
             Began as a Gnoll Chaos Knight on July 29, 2022.
             Was a Plaything of Xom.
             Slain by a wyvern (21 damage)
             ... in the Dungeon (Sprint II: "The Violet Keep of Menkaure").
             The game lasted 00:00:47 (311 turns).

Hipnos the Carver (Gnoll Chaos Knight)               Turns: 311, Time: 00:00:47

Health: -2/56      AC:  5    Str: 11    XL:     6   Next: 16%
Magic:  12/12      EV: 13    Int: 13    God:    Xom [..*...]
Gold:   486        SH:  0    Dex: 12    Spells: 13/13 levels left

rFire   . . .      SeeInvis .   a - +0 falchion (chaos)
rCold   . . .      Faith    .   (no shield)
rNeg    . . .      Spirit   .   b - +2 leather armour
rPois   .          Reflect  .   (no helmet)
rElec   .          Harm     .   (no cloak)
rCorr   .          Rampage  .   (no gloves)
Will    .....      NoTele   +   (no boots)
Stlth   ++........              (no amulet)
HPRegen 0.18/turn               (no ring)
MPRegen 0.13/turn               (no ring)

@: no status effects
A: fangs 1, strong nose, distributed training
a: Renounce Religion


You were in the Dungeon.
You worshipped Xom.
You were a toy of Xom.
You visited 1 branch You collected 486 gold pieces.

Inventory:

Hand Weapons
 a - a +0 falchion of chaos (weapon)
Armour
 b - a +2 leather armour (worn)
Scrolls
 i - a scroll of blinking
Potions
 d - a potion of curing
 e - a potion of heal wounds
 f - a potion of haste
 g - 2 potions of magic
Miscellaneous
 c - a piece from Xom's chessboard (15/15) (quivered)


   Skills:
 + Level 8.0 Fighting
 + Level 4.4 Short Blades
 + Level 8.0 Long Blades
 + Level 4.4 Axes
 + Level 4.4 Maces & Flails
 + Level 4.4 Polearms
 + Level 4.4 Staves
 + Level 4.4 Ranged Weapons
 + Level 4.4 Throwing
 + Level 6.4 Armour
 + Level 5.1 Dodging
 + Level 4.4 Stealth
 + Level 4.4 Shields
 + Level 4.4 Unarmed Combat
 + Level 4.4 Spellcasting
 + Level 3.6 Conjurations
 + Level 3.6 Hexes
 + Level 3.6 Summonings
 + Level 3.6 Necromancy
 + Level 3.6 Translocations
 + Level 3.6 Transmutations
 + Level 3.6 Fire Magic
 + Level 3.6 Ice Magic
 + Level 3.6 Air Magic
 + Level 3.6 Earth Magic
 + Level 3.6 Poison Magic
 + Level 4.8 Invocations
 + Level 4.4 Evocations


You had 13 spell levels left.
You didn't know any spells.
Your spell library was empty.

Dungeon Overview and Level Annotations

Branches:
Dungeon (1/1)

Altars:


Innate Abilities, Weirdness & Mutations

You have very sharp teeth.
Your uncanny sense of smell can sniff out nearby items.
Your experience applies equally to all skills.


Message History

You completely miss the wyvern.
The wyvern is moderately wounded.
The wyvern hisses angrily.
The wyvern barely misses you.
You closely miss the wyvern.
The wyvern is moderately wounded.
The wyvern closely misses you.
You hit the wyvern but do no damage. You bite the wyvern, but do no damage.
The wyvern is moderately wounded.
The wyvern closely misses you. The wyvern bites you!
You closely miss the wyvern.
The wyvern is moderately wounded.
The wyvern bites you!
You closely miss the wyvern.
The wyvern is moderately wounded.
The wyvern barely misses you.
You hit the wyvern but do no damage.
The wyvern is moderately wounded.
The wyvern bites you but does no damage.
The wyvern closely misses you.
You closely miss the wyvern.
The wyvern is moderately wounded.
The wyvern misses you.
You hit the wyvern.
The wyvern is heavily wounded.
The wyvern closely misses you.
The wyvern hisses menacingly.
The wyvern completely misses you.
You hit the wyvern but do no damage.
The wyvern seems to grow stronger.
Xom thinks this is hilarious!
The wyvern is heavily wounded.
The wyvern bites you!
You barely miss the wyvern. You bite the wyvern, but do no damage.
The wyvern is heavily wounded.
The wyvern barely misses you.
You closely miss the wyvern.
The wyvern is heavily wounded.
The wyvern barely misses you. The wyvern bites you!!
You die...
Xom giggles madly!

∆ ## ## ∆ .#
#. # l#$ ###
##. #l###.##
∆
#..B##@##†..#
∆ #+.<.†##.+
#$.B##.##...#
##. ##'###.##
# ##.#†####
#†##†.#
###..## ∆
#+##


You could see 2 wyverns.

Vanquished Creatures
  4 necrophages (D)
  3 worms (D)
7 creatures vanquished.

Notes
Turn   | Place    | Note
-------+----------+-------------------------------------------
     0 | D        | Hipnos the Gnoll Chaos Knight began the quest for the Orb.
     0 | D        | Reached XP level 1. HP: 23/23 MP: 1/1
     1 | D        | Noticed a boulder beetle
     1 | D        | Noticed a boulder beetle
   105 | D        | Noticed a necrophage
   105 | D        | Noticed a necrophage
   105 | D        | Noticed a necrophage
   105 | D        | Noticed a necrophage
   108 | D        | XOM: potion effect (curing)
   112 | D        | Killed a necrophage
   113 | D        | Reached skill level 5 in Armour
   113 | D        | Reached XP level 2. HP: 31/31 MP: 1/5
   113 | D        | Reached XP level 3. HP: 36/36 MP: 1/6
   113 | D        | Reached XP level 4. HP: 43/43 MP: 1/7
   115 | D        | Killed a necrophage
   116 | D        | Reached XP level 5. HP: 48/48 MP: 1/9
   124 | D        | Reached skill level 5 in Dodging
   124 | D        | Reached XP level 6. HP: 47/56 MP: 1/12
   189 | D        | XOM: silly message
   264 | D        | XOM: cloud trail
   298 | D        | Noticed a wyvern
   298 | D        | Noticed a wyvern
   311 | D        | Slain by a wyvern

Illustrated notes

Levels and vault maps discovered:
D:        the_violet_keep_of_menkaure [sprint2_stairs_cluster_1,
          sprint2_shoproom, sprint2_temple, sprint2_basic_supplies,
          sprint2_obstacle_4, sprint2_obstacle_1, sprint2_obstacle_3,
          sprint2_obstacle_2, sprint2_obstacle_6, sprint2_timed_cluster_1,
          sprint2_smallroom_cluster_1, sprint2_smallroom_final_cluster_1,
          sprint2_transparent_cluster_1, sprint2_second_timed_cluster_1,
          sprint2_sniper_area_1, sprint2_heavy_combat_area_1,
          sprint2_mutation_trap_area_1, sprint2_forest_area_1,
          sprint2_light_combat_area_1, sprint2_behind_water_1,
          sprint2_near_end_vault_1]

Skill      XL: |  1  2  3  4  5  6 |
---------------+-------------------+-----
Fighting       | 7 8 |  8.0
Short Blades   | 2 3 4 |  4.4
Long Blades    | 7 8 |  8.0
Axes           | 2 3 4 |  4.4
Maces & Flails | 2 3 4 |  4.4
Polearms       | 2 3 4 |  4.4
Staves         | 2 3 4 |  4.4
Ranged Weapons | 2 3 4 |  4.4
Throwing       | 2 3 4 |  4.4
Armour         | 5 6 |  6.4
Dodging        | 3 4 5 |  5.1
Stealth        | 2 3 4 |  4.4
Shields        | 2 3 4 |  4.4
Unarmed Combat | 2 3 4 |  4.4
Spellcasting   | 2 3 4 |  4.4
Conjurations   | 2 3 |  3.6
Hexes          | 2 3 |  3.6
Summonings     | 2 3 |  3.6
Necromancy     | 2 3 |  3.6
Translocations | 2 3 |  3.6
Transmutations | 2 3 |  3.6
Fire Magic     | 2 3 |  3.6
Ice Magic      | 2 3 |  3.6
Air Magic      | 2 3 |  3.6
Earth Magic    | 2 3 |  3.6
Poison Magic   | 2 3 |  3.6
Invocations    | 2 3 4 |  4.8
Evocations     | 2 3 4 |  4.4

Action                   |  1- 3 |  4- 6 || total
-------------------------+-------+-------++-------
Melee: Falchion          |     5 |    42 ||    47
       Bite              |     1 |     6 ||     7
       Punch             |       |     2 ||     2
  Use: Potion            |     1 |       ||     1
Armor: Leather armour    |     1 |     3 ||     4
Dodge: Dodged            |     1 |    23 ||    24

Table legend: (Time is in decaauts)
 A = Elapsed time spent in this place.
 B = Non-inter-level travel time spent in this place.
 C = Inter-level travel time spent in this place.
 D = Time resting spent in this place.
 E = Time spent auto-exploring this place.
 F = Levels seen in this place.
 G = Mean time per level.
                   A        B        C        D        E       F      G
               +--------+--------+--------+--------+--------+-----+--------+
         Total |    315 |    315 |      0 |    234 |      0 |   1 |  315.0 |
       Dungeon |    315 |    315 |      0 |    234 |      0 |   1 |  315.0 |
               +--------+--------+--------+--------+--------+-----+--------+

Top non-repeatable levels by time:
       D: 315 daAuts
